Orlando Solar Bears vs Havana Tropicals
Created - Sunday, June 18, 2023 at 07:02
Goals
|
| Orlando Solar Bears |
0 |
2 |
2 |
0 |
1 |
4 |
| Havana Tropicals |
1 |
3 |
0 |
0 |
2 |
5 |
|
Shots
|
| Orlando Solar Bears |
12 |
7 |
12 |
5 |
3 |
36 |
| Havana Tropicals |
17 |
8 |
10 |
1 |
2 |
36 |
|
1st period
1. Havana Tropicals , Sammy Blais 25 (Chris Tierney 39) at 15:48
Penalties :
Emilio Pettersen (OSB) for Roughing (Minor) at 13:14
2nd period
2. Havana Tropicals , Teddy Blueger 54 (Pierre-Edouard Bellemare 64, Zach Aston-Reese 66) at 8:07
3. Havana Tropicals , Teddy Blueger 55 (Zach Aston-Reese 67, Dean Kukan 15) at 8:28 (PP)
4. Orlando Solar Bears , Jason Dickinson 55 (Morgan Frost 45) at 12:06
5. Orlando Solar Bears , Alex Turcotte 11 (Victor Soderstrom 28) at 12:22
6. Havana Tropicals , Chris Tierney 32 (Sammy Blais 33, Robert Bortuzzo 31) at 13:17
Penalties :
Jamieson Rees (OSB) for Hooking (Minor) at 1:08, Sammy Blais (HAV) for Hooking (Minor) at 4:07, Donovan Sebrango (OSB) for Hooking (Minor) at 8:12, Jason Dickinson (OSB) for Slashing (Minor) at 8:50, Nolan Foote (HAV) for Roughing (Minor) at 16:01
3rd period
7. Orlando Solar Bears , Adam Beckman 25 (Morgan Frost 46) at 9:57
8. Orlando Solar Bears , Jordan Martinook 53 (Jason Dickinson 70) at 14:06
Penalties :
Darren Raddysh (HAV) for Fighting (Major) at 1:26, Isaak Phillips (OSB) for Fighting (Major) at 1:26, Martin Pospisil (OSB) for Roughing (Minor) at 6:09, Milan Lucic (HAV) for Fighting (Major) at 12:11, Isaak Phillips (OSB) for Fighting (Major) at 12:11, Darren Raddysh (HAV) for High sticking (Minor) at 15:45
Overtime #1
No Goal
Penalties :
No Penalty
Shootout
Orlando Solar Bears, Jason Dickinson - Stopped by Arvid Soderblom
Havana Tropicals, Teddy Blueger - Goal!
Orlando Solar Bears, Morgan Frost - Goal!
Havana Tropicals, Pierre-Edouard Bellemare - Goal!
Orlando Solar Bears, Philip Tomasino - Stopped by Arvid Soderblom
Penalties :
No Penalty
Goalie Stats
Felix Sandstrom (OSB), 32 saves from 36 shots - (0.889), OTL, 16-12-4, 65:00 minutes
Arvid Soderblom (HAV), 32 saves from 36 shots - (0.889), W, 14-10-1, 65:00 minutes
Players Stats for Orlando Solar Bears
Player Name G A P +/- PIM S H SB GA TA FO MP PP MP PK MP
------------------------------------------------------------------------------------
Adam Beckman 1 0 1 1 0 2 1 0 0 0 0/1 15:12 2:36 0:13
Alex Turcotte 1 0 1 1 0 3 0 0 1 0 3/8 10:18 0:00 1:52
Donovan Sebrango 0 0 0 -2 2 1 4 1 0 1 0/0 21:31 0:00 3:34
Emilio Pettersen 0 0 0 1 2 0 1 0 0 0 0/1 7:08 0:00 0:00
Isaak Phillips 0 0 0 0 10 1 1 0 2 0 0/0 18:42 1:26 3:44
Jamieson Rees 0 0 0 1 2 3 0 1 0 0 0/1 9:56 0:29 0:00
Jarred Tinordi 0 0 0 3 0 0 3 1 0 1 0/0 28:19 3:29 4:38
Jason Dickinson 1 1 2 0 2 4 3 0 0 1 9/29 23:18 2:55 3:36
Jett Woo 0 0 0 1 0 0 1 0 0 0 0/0 15:31 1:29 0:00
John Leonard 0 0 0 -1 0 4 3 0 1 0 0/0 18:34 2:55 1:34
Jordan Martinook 1 0 1 -1 0 4 2 0 2 0 0/0 19:22 2:55 1:50
Linus Weissbach 0 0 0 -1 0 2 0 0 0 0 0/0 12:58 0:26 0:00
Martin Pospisil 0 0 0 -1 2 2 3 1 0 1 0/0 11:45 0:23 0:00
Max Gildon 0 0 0 -2 0 4 2 2 0 2 0/0 18:35 2:01 0:00
Morgan Frost 0 2 2 2 0 2 1 0 2 0 6/14 23:01 2:36 4:42
Philip Tomasino 0 0 0 0 0 2 0 0 0 0 3/6 15:25 0:00 2:37
Valtteri Puustinen 0 0 0 1 0 2 1 0 0 0 0/0 14:47 2:36 0:00
Victor Soderstrom 0 1 1 2 0 0 0 2 1 4 0/0 27:29 3:29 4:38
Players Stats for Havana Tropicals
Player Name G A P +/- PIM S H SB GA TA FO MP PP MP PK MP
------------------------------------------------------------------------------------
Alexander Nylander 0 0 0 0 0 2 1 0 0 0 0/0 9:09 0:00 0:00
Chris Tierney 1 1 2 1 0 3 1 0 2 0 16/23 21:12 4:09 2:59
Darren Raddysh 0 0 0 -2 7 0 2 0 0 1 0/0 14:34 0:00 0:00
Dean Kukan 0 1 1 -1 0 1 1 0 1 0 0/0 24:11 4:03 3:03
Dennis Cholowski 0 0 0 -2 0 0 0 0 1 1 0/0 15:55 0:00 0:00
Emil Bemstrom 0 0 0 -2 0 2 1 0 1 1 0/0 12:08 0:21 0:00
Henrik Borgstrom 0 0 0 0 0 4 1 0 1 0 2/4 10:22 0:21 0:11
Milan Lucic 0 0 0 1 5 2 0 2 1 0 1/1 19:37 4:09 2:22
Nolan Foote 0 0 0 0 2 1 1 0 0 1 0/0 9:32 0:00 0:00
Pavel Dorofeyev 0 0 0 -2 0 2 1 0 0 1 0/0 11:31 0:00 0:49
Philipp Kurashev 0 0 0 -2 0 4 2 0 0 0 1/6 13:30 0:21 0:00
Pierre-Edouard Bellemare 0 1 1 0 0 1 0 0 3 0 2/3 21:09 3:42 2:42
Robert Bortuzzo 0 1 1 2 0 0 2 1 0 0 0/0 24:54 4:09 2:54
Sammy Blais 1 1 2 1 2 2 2 1 0 0 0/0 16:59 4:09 0:00
Teddy Blueger 2 0 2 0 0 5 1 1 0 1 16/21 21:09 3:42 2:42
Timothy Liljegren 0 0 0 -1 0 2 2 3 0 0 0/0 25:09 4:03 3:03
Tucker Poolman 0 0 0 2 0 2 3 1 0 2 0/0 25:19 4:09 2:54
Zach Aston-Reese 0 2 2 0 0 3 4 2 0 1 1/2 17:50 3:42 0:21
3 Stars
1 - Teddy Blueger (HAV)
2 - Chris Tierney (HAV)
3 - Sammy Blais (HAV)
Power Play
Orlando Solar Bears - 0 on 3 Attempt(s) - 0.00%
Havana Tropicals - 1 on 5 Attempt(s) - 20.00%
Penalty Kill
Orlando Solar Bears - 4 on 5 Attempt(s) - 80.00%
- Score 0 goal in Penalty Kill
Havana Tropicals - 3 on 3 Attempt(s) - 100.00%
- Score 0 goal in Penalty Kill
Team Stat
Orlando Solar Bears - Hits : 26 - Faceoff Wins : 21 - Blocked Shots : 8 - Penalty Minutes : 20
Havana Tropicals - Hits : 25 - Faceoff Wins : 39 - Blocked Shots : 11 - Penalty Minutes : 16
Official
Referees : Justin StPierre and Trevor Hanson
Linesman : Tim Nowak and Derek Amell
Game Notes
Darren Raddysh beats up Isaak Phillips at 1:26 of 3rd period
Isaak Phillips beats up Milan Lucic at 12:11 of 3rd period
Orlando Solar Bears
5 vs 5 Forward
Center Left Wing Right Wing Time % Phy DF OF
1 Jason Dickinson Jordan Martinook John Leonard 32 1 2 2
2 Morgan Frost Adam Beckman Valtteri Puustinen 27 1 2 2
3 Philip Tomasino Linus Weissbach Martin Pospisil 23 1 2 2
4 Alex Turcotte Emilio Pettersen Jamieson Rees 18 1 2 2
5 vs 5 Defense
Defense Defense Time % Phy DF OF
1 Victor Soderstrom Jarred Tinordi 35 1 2 2
2 Isaak Phillips Jett Woo 33 1 2 2
3 Max Gildon Donovan Sebrango 32 1 2 2
4 Victor Soderstrom Jarred Tinordi 0 1 2 2
PowerPlay Forward
Center Left Wing Right Wing Time % Phy DF OF
1 Jason Dickinson Jordan Martinook John Leonard 60 1 2 2
2 Morgan Frost Adam Beckman Valtteri Puustinen 40 1 2 2
PowerPlay Defense
Defense Defense Time % Phy DF OF
1 Victor Soderstrom Jarred Tinordi 60 1 2 2
2 Isaak Phillips Max Gildon 40 1 2 2
Penalty Kill 4 Players Forward
Center Wing Time % Phy DF OF
1 Jason Dickinson Morgan Frost 60 1 2 2
2 Philip Tomasino Jordan Martinook 40 1 2 2
Penalty Kill 4 Players Defense
Defense Defense Time % Phy DF OF
1 Victor Soderstrom Jarred Tinordi 60 1 2 2
2 Isaak Phillips Donovan Sebrango 40 1 2 2
Penalty Kill - 3 Players Forward
Forward Time % Phy DF OF
1 Jason Dickinson 60 1 2 2
2 Morgan Frost 40 1 2 2
Penalty Kill - 3 Players Defense
Defense Defense Time % Phy DF OF
1 Victor Soderstrom Jarred Tinordi 60 1 2 2
2 Isaak Phillips Max Gildon 40 1 2 2
4 vs 4 Forward
Center Wing Time % Phy DF OF
1 Jason Dickinson Morgan Frost 60 1 2 2
2 Philip Tomasino Jordan Martinook 40 1 2 2
4 vs 4 Defense
Defense Defense Time % Phy DF OF
1 Victor Soderstrom Jarred Tinordi 60 1 2 2
2 Isaak Phillips Donovan Sebrango 40 1 2 2
Last Minutes Offensive
Center Left Wing Right Wing Defense Defense
Jason Dickinson Jordan Martinook John Leonard Victor Soderstrom Jarred Tinordi
Last Minutes Defensive
Center Left Wing Right Wing Defense Defense
Jason Dickinson Jordan Martinook John Leonard Victor Soderstrom Jarred Tinordi
Goaltenders
Starting : Felix Sandstrom
Backup : Filip Gustavsson
Extra Forwards
Normal : Jamieson Rees, Linus Weissbach, Alex Turcotte - PP : Jamieson Rees, Linus Weissbach - PK : Alex Turcotte
Extra Defensemen
Normal : Max Gildon, Donovan Sebrango, Isaak Phillips - PP : Max Gildon - PK : Donovan Sebrango, Isaak Phillips
Penalty Shots
Jason Dickinson, Morgan Frost, Philip Tomasino, Jordan Martinook, John Leonard
Havana Tropicals
5 vs 5 Forward
Center Left Wing Right Wing Time % Phy DF OF
1 Teddy Blueger Pierre-Edouard Bellemare Zach Aston-Reese 30 1 2 2
2 Chris Tierney Milan Lucic Sammy Blais 30 1 2 2
3 Philipp Kurashev Emil Bemstrom Pavel Dorofeyev 25 1 2 2
4 Henrik Borgstrom Nolan Foote Alexander Nylander 15 1 2 2
5 vs 5 Defense
Defense Defense Time % Phy DF OF
1 Robert Bortuzzo Tucker Poolman 35 1 2 2
2 Timothy Liljegren Dean Kukan 35 1 2 2
3 Dennis Cholowski Darren Raddysh 30 1 2 2
4 Robert Bortuzzo Tucker Poolman 0 1 2 2
PowerPlay Forward
Center Left Wing Right Wing Time % Phy DF OF
1 Teddy Blueger Pierre-Edouard Bellemare Zach Aston-Reese 50 1 2 2
2 Chris Tierney Milan Lucic Sammy Blais 50 1 2 2
PowerPlay Defense
Defense Defense Time % Phy DF OF
1 Robert Bortuzzo Tucker Poolman 50 1 2 2
2 Timothy Liljegren Dean Kukan 50 1 2 2
Penalty Kill 4 Players Forward
Center Wing Time % Phy DF OF
1 Teddy Blueger Pierre-Edouard Bellemare 50 1 2 2
2 Chris Tierney Milan Lucic 50 1 2 2
Penalty Kill 4 Players Defense
Defense Defense Time % Phy DF OF
1 Robert Bortuzzo Tucker Poolman 50 1 2 2
2 Timothy Liljegren Dean Kukan 50 1 2 2
Penalty Kill - 3 Players Forward
Forward Time % Phy DF OF
1 Teddy Blueger 50 1 2 2
2 Pierre-Edouard Bellemare 50 1 2 2
Penalty Kill - 3 Players Defense
Defense Defense Time % Phy DF OF
1 Robert Bortuzzo Tucker Poolman 50 1 2 2
2 Timothy Liljegren Dean Kukan 50 1 2 2
4 vs 4 Forward
Center Wing Time % Phy DF OF
1 Teddy Blueger Pierre-Edouard Bellemare 50 1 2 2
2 Chris Tierney Milan Lucic 50 1 2 2
4 vs 4 Defense
Defense Defense Time % Phy DF OF
1 Robert Bortuzzo Tucker Poolman 50 1 2 2
2 Timothy Liljegren Dean Kukan 50 1 2 2
Last Minutes Offensive
Center Left Wing Right Wing Defense Defense
Teddy Blueger Pierre-Edouard Bellemare Zach Aston-Reese Robert Bortuzzo Tucker Poolman
Last Minutes Defensive
Center Left Wing Right Wing Defense Defense
Teddy Blueger Pierre-Edouard Bellemare Zach Aston-Reese Robert Bortuzzo Tucker Poolman
Goaltenders
Starting : Arvid Soderblom
Backup : Eric Comrie
Extra Forwards
Normal : Philipp Kurashev, Emil Bemstrom, Pavel Dorofeyev - PP : Philipp Kurashev, Emil Bemstrom - PK : Pavel Dorofeyev
Extra Defensemen
Normal : Dennis Cholowski, Darren Raddysh, Timothy Liljegren - PP : Dennis Cholowski - PK : Darren Raddysh, Timothy Liljegren
Penalty Shots
Teddy Blueger, Pierre-Edouard Bellemare, Chris Tierney, Milan Lucic, Zach Aston-Reese
% Time on Ice - Orlando Solar Bears
Lines # - Real PCT - Wanted PCT - Time Play
Normal Forward
1 - 34% - 32% - 15:33
2 - 29% - 27% - 13:13
3 - 22% - 23% - 10:07
4 - 15% - 18% - 6:58
Normal Defense
1 - 35% - 35% - 15:58
2 - 32% - 33% - 14:53
3 - 30% - 32% - 13:46
4 - 3% - 0% - 1:14
PP Forward
1 - 56% - 60% - 3:21
2 - 44% - 40% - 2:36
PP Defense
1 - 59% - 60% - 3:29
2 - 41% - 40% - 2:28
PK Forward
1 - 80% - 60% - 6:35
2 - 20% - 40% - 1:37
PK Defense
1 - 57% - 60% - 4:38
2 - 43% - 40% - 3:34
PK3 Forward
1 - 0% - 60%
2 - 0% - 40%
PK3 Defense
1 - 0% - 60%
2 - 0% - 40%
44 Forward
1 - 81% - 60% - 4:02
2 - 19% - 40% - 0:58
44 Defense
1 - 58% - 60% - 2:53
2 - 42% - 40% - 2:07
Last Minute Offensive - 0:00
Last Minute Defensive - 0:00
Total
Forward - 65:00
Defense - 65:00
|
% Time on Ice - Havana Tropicals
Lines # - Real PCT - Wanted PCT - Time Play
Normal Forward
1 - 28% - 30% - 13:04
2 - 30% - 30% - 13:48
3 - 21% - 25% - 9:50
4 - 20% - 15% - 9:09
Normal Defense
1 - 33% - 35% - 14:55
2 - 33% - 35% - 15:07
3 - 34% - 30% - 15:27
4 - 1% - 0% - 0:22
PP Forward
1 - 46% - 50% - 3:44
2 - 54% - 50% - 4:28
PP Defense
1 - 51% - 50% - 4:09
2 - 49% - 50% - 4:03
PK Forward
1 - 45% - 50% - 2:42
2 - 55% - 50% - 3:15
PK Defense
1 - 49% - 50% - 2:54
2 - 51% - 50% - 3:03
PK3 Forward
1 - 0% - 50%
2 - 0% - 50%
PK3 Defense
1 - 0% - 50%
2 - 0% - 50%
44 Forward
1 - 60% - 50% - 3:01
2 - 40% - 50% - 1:59
44 Defense
1 - 51% - 50% - 2:34
2 - 49% - 50% - 2:26
Last Minute Offensive - 0:00
Last Minute Defensive - 0:00
Total
Forward - 65:00
Defense - 65:00
|
Play-by-Play
1st period
0:01 of 1st period - Teddy Blueger wins face-off versus Jason Dickinson in neutral zone.
0:12 of 1st period - Snap shot by John Leonard.
0:12 of 1st period - Stopped by Arvid Soderblom with a rebound.
0:45 of 1st period - Snap shot by Philip Tomasino.
0:45 of 1st period - Deflect By Tucker Poolman.
0:45 of 1st period - Stopped by Arvid Soderblom with a rebound.
0:47 of 1st period - Snap shot by Philip Tomasino.
0:47 of 1st period - Shot Misses the Net.
0:49 of 1st period - Wrist shot by Martin Pospisil.
0:49 of 1st period - Stopped by Arvid Soderblom without a rebound.
0:50 of 1st period - Alex Turcotte wins face-off versus Philipp Kurashev in Havana Tropicals zone.
1:27 of 1st period - Snap shot by Jason Dickinson.
1:27 of 1st period - Stopped by Arvid Soderblom with a rebound.
1:39 of 1st period - Wrist shot by Martin Pospisil.
1:39 of 1st period - Stopped by Arvid Soderblom without a rebound.
1:40 of 1st period - Philip Tomasino wins face-off versus Henrik Borgstrom in Havana Tropicals zone.
1:53 of 1st period - Martin Pospisil is hit by Nolan Foote and loses puck.
1:58 of 1st period - Snap shot by Henrik Borgstrom.
1:58 of 1st period - Shot Misses the Net.
2:04 of 1st period - Wrist shot by Henrik Borgstrom.
2:04 of 1st period - Shot Blocked by Martin Pospisil.
2:10 of 1st period - Wrist shot by Alexander Nylander.
2:10 of 1st period - Shot Blocked by Victor Soderstrom.
2:12 of 1st period - Snap shot by Henrik Borgstrom.
2:12 of 1st period - Stopped by Felix Sandstrom with a rebound.
2:14 of 1st period - Slapshot by Tucker Poolman.
2:14 of 1st period - Deflect By Henrik Borgstrom.
2:14 of 1st period - Stopped by Felix Sandstrom with a rebound.
2:30 of 1st period - Snap shot by Henrik Borgstrom.
2:30 of 1st period - Stopped by Felix Sandstrom with a rebound.
2:42 of 1st period - Snap shot by Henrik Borgstrom.
2:42 of 1st period - Shot Blocked by Victor Soderstrom.
2:44 of 1st period - Slapshot by Timothy Liljegren.
2:44 of 1st period - Shot Blocked by Jarred Tinordi.
2:46 of 1st period - Snap shot by Nolan Foote.
2:46 of 1st period - Shot Misses the Net.
2:48 of 1st period - Slapshot by Alexander Nylander.
2:48 of 1st period - Stopped by Felix Sandstrom without a rebound.
2:49 of 1st period - Morgan Frost wins face-off versus Chris Tierney in Orlando Solar Bears zone.
3:23 of 1st period - Slapshot by John Leonard.
3:23 of 1st period - Stopped by Arvid Soderblom without a rebound.
3:24 of 1st period - Teddy Blueger wins face-off versus Alex Turcotte in Havana Tropicals zone.
3:37 of 1st period - Off-side.
3:38 of 1st period - Morgan Frost wins face-off versus Chris Tierney in neutral zone.
3:51 of 1st period - Snap shot by Morgan Frost.
3:51 of 1st period - Stopped by Arvid Soderblom with a rebound.
4:05 of 1st period - Pierre-Edouard Bellemare is hit by Jarred Tinordi and loses puck.
4:52 of 1st period - Snap shot by Chris Tierney.
4:52 of 1st period - Shot Misses the Net.
5:23 of 1st period - Snap shot by Jordan Martinook.
5:23 of 1st period - Shot Misses the Net.
5:25 of 1st period - Snap shot by Jordan Martinook.
5:25 of 1st period - Stopped by Arvid Soderblom with a rebound.
7:21 of 1st period - Snap shot by Sammy Blais.
7:21 of 1st period - Shot Misses the Net.
7:45 of 1st period - Philip Tomasino is hit by Timothy Liljegren and loses puck.
8:00 of 1st period - Nolan Foote is hit by Jarred Tinordi and loses puck.
8:30 of 1st period - Wrist shot by Zach Aston-Reese.
8:30 of 1st period - Stopped by Felix Sandstrom without a rebound.
8:31 of 1st period - Chris Tierney wins face-off versus Jason Dickinson in Orlando Solar Bears zone.
8:36 of 1st period - Wrist shot by Sammy Blais.
8:36 of 1st period - Deflect By Chris Tierney.
8:36 of 1st period - Shot Misses the Net.
8:36 of 1st period - Puck is out of play.
8:37 of 1st period - Chris Tierney wins face-off versus Jason Dickinson in Orlando Solar Bears zone.
8:48 of 1st period - Snap shot by Sammy Blais.
8:48 of 1st period - Shot Misses the Net.
9:04 of 1st period - Snap shot by Alex Turcotte.
9:04 of 1st period - Stopped by Arvid Soderblom without a rebound.
9:05 of 1st period - Alex Turcotte wins face-off versus Teddy Blueger in Havana Tropicals zone.
9:06 of 1st period - Snap shot by Emilio Pettersen.
9:06 of 1st period - Shot Blocked by Zach Aston-Reese.
9:08 of 1st period - Slapshot by Donovan Sebrango.
9:08 of 1st period - Shot Hit the Post.
9:10 of 1st period - Slapshot by Max Gildon.
9:10 of 1st period - Stopped by Arvid Soderblom with a rebound.
9:32 of 1st period - Darren Raddysh is hit by Jordan Martinook and loses puck.
9:41 of 1st period - Wrist shot by Pavel Dorofeyev.
9:41 of 1st period - Stopped by Felix Sandstrom with a rebound.
9:55 of 1st period - Wrist shot by Valtteri Puustinen.
9:55 of 1st period - Shot Misses the Net.
9:57 of 1st period - Slapshot by Isaak Phillips.
9:57 of 1st period - Shot Misses the Net.
9:59 of 1st period - Slapshot by Isaak Phillips.
9:59 of 1st period - Stopped by Arvid Soderblom without a rebound.
10:00 of 1st period - Henrik Borgstrom wins face-off versus Morgan Frost in Havana Tropicals zone.
10:11 of 1st period - Wrist shot by Henrik Borgstrom.
10:11 of 1st period - Shot Misses the Net.
10:50 of 1st period - Wrist shot by Nolan Foote.
10:50 of 1st period - Stopped by Felix Sandstrom with a rebound.
11:02 of 1st period - Wrist shot by Henrik Borgstrom.
11:02 of 1st period - Shot Misses the Net.
11:04 of 1st period - Slapshot by Tucker Poolman.
11:04 of 1st period - Stopped by Felix Sandstrom without a rebound.
11:05 of 1st period - Teddy Blueger wins face-off versus Jason Dickinson in Orlando Solar Bears zone.
11:08 of 1st period - Slapshot by Teddy Blueger.
11:08 of 1st period - Stopped by Felix Sandstrom without a rebound.
11:09 of 1st period - Teddy Blueger wins face-off versus Jason Dickinson in Orlando Solar Bears zone.
11:12 of 1st period - Snap shot by Pierre-Edouard Bellemare.
11:12 of 1st period - Shot Misses the Net.
12:02 of 1st period - Slapshot by Jamieson Rees.
12:02 of 1st period - Deflect By Emilio Pettersen.
12:02 of 1st period - Shot Blocked by Timothy Liljegren.
12:02 of 1st period - Puck is out of play.
12:03 of 1st period - Chris Tierney wins face-off versus Jason Dickinson in Havana Tropicals zone.
12:03 of 1st period - Chris Tierney is hit by John Leonard.
12:36 of 1st period - Snap shot by Jason Dickinson.
12:36 of 1st period - Shot Misses the Net.
13:14 of 1st period - Minor Penalty to Emilio Pettersen for Roughing.
13:15 of 1st period - Teddy Blueger wins face-off versus Jason Dickinson in Orlando Solar Bears zone.
13:41 of 1st period - Morgan Frost is hit by Robert Bortuzzo and loses puck.
13:46 of 1st period - Wrist shot by Sammy Blais.
13:46 of 1st period - Stopped by Felix Sandstrom without a rebound.
13:47 of 1st period - Chris Tierney wins face-off versus Morgan Frost in Orlando Solar Bears zone.
14:26 of 1st period - Wrist shot by Teddy Blueger.
14:26 of 1st period - Stopped by Felix Sandstrom without a rebound.
14:27 of 1st period - Alex Turcotte wins face-off versus Pierre-Edouard Bellemare in Orlando Solar Bears zone.
14:38 of 1st period - Slapshot by Teddy Blueger.
14:38 of 1st period - Deflect By Pierre-Edouard Bellemare.
14:38 of 1st period - Stopped by Felix Sandstrom without a rebound.
14:39 of 1st period - Chris Tierney wins face-off versus Jason Dickinson in Orlando Solar Bears zone.
14:44 of 1st period - Snap shot by Milan Lucic.
14:44 of 1st period - Stopped by Felix Sandstrom without a rebound.
14:45 of 1st period - Chris Tierney wins face-off versus Jason Dickinson in Orlando Solar Bears zone.
15:14 of 1st period - Penalty to Emilio Pettersen is over, Emilio Pettersen is back on ice.
15:38 of 1st period - Backhand shot by Emil Bemstrom.
15:38 of 1st period - Stopped by Felix Sandstrom with a rebound.
15:40 of 1st period - Snap shot by Emil Bemstrom.
15:40 of 1st period - Deflect By Philipp Kurashev.
15:40 of 1st period - Stopped by Felix Sandstrom without a rebound.
15:41 of 1st period - Chris Tierney wins face-off versus Jason Dickinson in Orlando Solar Bears zone.
15:48 of 1st period - Wrist shot by Sammy Blais.
15:48 of 1st period - Goal by Sammy Blais - Orlando Solar Bears : 0 - Havana Tropicals : 1.
15:49 of 1st period - Jason Dickinson wins face-off versus Teddy Blueger in neutral zone.
15:54 of 1st period - Wrist shot by Jason Dickinson.
15:54 of 1st period - Shot Hit the Post.
15:58 of 1st period - Snap shot by Jordan Martinook.
15:58 of 1st period - Shot Blocked by Teddy Blueger.
16:00 of 1st period - Snap shot by Jason Dickinson.
16:00 of 1st period - Shot Misses the Net.
17:04 of 1st period - Backhand shot by Emil Bemstrom.
17:04 of 1st period - Stopped by Felix Sandstrom with a rebound.
17:06 of 1st period - Slapshot by Tucker Poolman.
17:06 of 1st period - Shot Misses the Net.
17:30 of 1st period - Slapshot by John Leonard.
17:30 of 1st period - Shot Blocked by Tucker Poolman.
17:48 of 1st period - Snap shot by Philip Tomasino.
17:48 of 1st period - Shot Blocked by Sammy Blais.
18:06 of 1st period - Adam Beckman is hit by Darren Raddysh and loses puck.
18:53 of 1st period - Snap shot by Philip Tomasino.
18:53 of 1st period - Shot Misses the Net.
18:55 of 1st period - Slapshot by Max Gildon.
18:55 of 1st period - Stopped by Arvid Soderblom without a rebound.
18:56 of 1st period - Philip Tomasino wins face-off versus Teddy Blueger in Havana Tropicals zone.
19:03 of 1st period - Backhand shot by Philip Tomasino.
19:03 of 1st period - Shot Hit the Post.
19:26 of 1st period - Off-side.
19:27 of 1st period - Chris Tierney wins face-off versus Jason Dickinson in neutral zone.
19:42 of 1st period - Jordan Martinook is hit by Sammy Blais and loses puck.
Goals for this period are 0 for Orlando Solar Bears vs 1 for Havana Tropicals.
Shots for this period are 12 for Orlando Solar Bears vs 17 for Havana Tropicals.
2nd period
0:01 of 2nd period - Jason Dickinson wins face-off versus Chris Tierney in neutral zone.
0:06 of 2nd period - Icing by Sammy Blais.
0:07 of 2nd period - Chris Tierney wins face-off versus Jason Dickinson in Havana Tropicals zone.
0:58 of 2nd period - Slapshot by Zach Aston-Reese.
0:58 of 2nd period - Shot Misses the Net.
1:00 of 2nd period - Slapshot by Darren Raddysh.
1:00 of 2nd period - Shot Blocked by Jamieson Rees.
1:02 of 2nd period - Slapshot by Pierre-Edouard Bellemare.
1:02 of 2nd period - Shot Misses the Net.
1:08 of 2nd period - Minor Penalty to Jamieson Rees for Hooking.
1:09 of 2nd period - Teddy Blueger wins face-off versus Jason Dickinson in Orlando Solar Bears zone.
1:42 of 2nd period - Donovan Sebrango is hit by Sammy Blais and loses puck.
2:11 of 2nd period - Zach Aston-Reese is hit by Jarred Tinordi and loses puck.
3:08 of 2nd period - Penalty to Jamieson Rees is over, Jamieson Rees is back on ice.
3:18 of 2nd period - Backhand shot by Philipp Kurashev.
3:18 of 2nd period - Stopped by Felix Sandstrom without a rebound.
3:19 of 2nd period - Philip Tomasino wins face-off versus Philipp Kurashev in Orlando Solar Bears zone.
3:42 of 2nd period - Jordan Martinook is hit by Alexander Nylander.
3:46 of 2nd period - Alexander Nylander is hit by Donovan Sebrango and loses puck.
3:57 of 2nd period - Adam Beckman is hit by Darren Raddysh and loses puck.
4:07 of 2nd period - Minor Penalty to Sammy Blais for Hooking.
4:08 of 2nd period - Jason Dickinson wins face-off versus Teddy Blueger in Havana Tropicals zone.
4:33 of 2nd period - Valtteri Puustinen is hit by Teddy Blueger and loses puck.
4:40 of 2nd period - Pierre-Edouard Bellemare is hit by Adam Beckman and loses puck.
6:07 of 2nd period - Penalty to Sammy Blais is over, Sammy Blais is back on ice.
6:17 of 2nd period - Sammy Blais is hit by Isaak Phillips and loses puck.
6:22 of 2nd period - Wrist shot by Linus Weissbach.
6:22 of 2nd period - Stopped by Arvid Soderblom without a rebound.
6:23 of 2nd period - Philipp Kurashev wins face-off versus Alex Turcotte in Havana Tropicals zone.
6:30 of 2nd period - Snap shot by Alex Turcotte.
6:30 of 2nd period - Shot Misses the Net.
6:32 of 2nd period - Snap shot by Jamieson Rees.
6:32 of 2nd period - Shot Misses the Net.
6:34 of 2nd period - Slapshot by Jamieson Rees.
6:34 of 2nd period - Stopped by Arvid Soderblom with a rebound.
6:36 of 2nd period - Snap shot by Emilio Pettersen.
6:36 of 2nd period - Shot Misses the Net.
6:38 of 2nd period - Slapshot by Alex Turcotte.
6:38 of 2nd period - Stopped by Arvid Soderblom with a rebound.
6:57 of 2nd period - Snap shot by Nolan Foote.
6:57 of 2nd period - Shot Misses the Net.
7:43 of 2nd period - Snap shot by Alex Turcotte.
7:43 of 2nd period - Shot Misses the Net.
7:57 of 2nd period - Snap shot by Zach Aston-Reese.
7:57 of 2nd period - Stopped by Felix Sandstrom without a rebound.
7:58 of 2nd period - Teddy Blueger wins face-off versus Philip Tomasino in Orlando Solar Bears zone.
8:01 of 2nd period - Snap shot by Teddy Blueger.
8:01 of 2nd period - Shot Misses the Net.
8:03 of 2nd period - Snap shot by Teddy Blueger.
8:03 of 2nd period - Shot Misses the Net.
8:05 of 2nd period - Wrist shot by Pierre-Edouard Bellemare.
8:05 of 2nd period - Shot Blocked by Max Gildon.
8:07 of 2nd period - Snap shot by Teddy Blueger.
8:07 of 2nd period - Goal by Teddy Blueger - Orlando Solar Bears : 0 - Havana Tropicals : 2.
8:08 of 2nd period - Chris Tierney wins face-off versus Jason Dickinson in neutral zone.
8:12 of 2nd period - Minor Penalty to Donovan Sebrango for Hooking.
8:13 of 2nd period - Jason Dickinson wins face-off versus Teddy Blueger in Orlando Solar Bears zone.
8:22 of 2nd period - Wrist shot by Morgan Frost.
8:22 of 2nd period - Shot Misses the Net.
8:28 of 2nd period - Slapshot by Teddy Blueger.
8:28 of 2nd period - Goal by Teddy Blueger - Orlando Solar Bears : 0 - Havana Tropicals : 3.
8:29 of 2nd period - Milan Lucic wins face-off versus Jason Dickinson in neutral zone.
8:50 of 2nd period - Minor Penalty to Jason Dickinson for Slashing.
8:51 of 2nd period - Chris Tierney wins face-off versus Alex Turcotte in Orlando Solar Bears zone.
10:50 of 2nd period - Penalty to Jason Dickinson is over, Jason Dickinson is back on ice.
10:51 of 2nd period - Jason Dickinson is hit by Dean Kukan and loses puck.
11:39 of 2nd period - Emil Bemstrom is hit by Jason Dickinson and loses puck.
12:04 of 2nd period - Wrist shot by Morgan Frost.
12:04 of 2nd period - Shot Blocked by Timothy Liljegren.
12:06 of 2nd period - Snap shot by Jason Dickinson.
12:06 of 2nd period - Goal by Jason Dickinson - Orlando Solar Bears : 1 - Havana Tropicals : 3.
12:07 of 2nd period - Chris Tierney wins face-off versus Emilio Pettersen in neutral zone.
12:10 of 2nd period - Slapshot by Tucker Poolman.
12:10 of 2nd period - Stopped by Felix Sandstrom with a rebound.
12:22 of 2nd period - Snap shot by Alex Turcotte.
12:22 of 2nd period - Goal by Alex Turcotte - Orlando Solar Bears : 2 - Havana Tropicals : 3.
12:23 of 2nd period - Pierre-Edouard Bellemare wins face-off versus Alex Turcotte in neutral zone.
12:38 of 2nd period - Wrist shot by Teddy Blueger.
12:38 of 2nd period - Deflect By Pierre-Edouard Bellemare.
12:38 of 2nd period - Shot Misses the Net.
12:38 of 2nd period - Puck is out of play.
12:39 of 2nd period - Chris Tierney wins face-off versus Jason Dickinson in Orlando Solar Bears zone.
12:50 of 2nd period - Jason Dickinson is hit by Robert Bortuzzo and loses puck.
13:06 of 2nd period - Sammy Blais is hit by Jordan Martinook and loses puck.
13:15 of 2nd period - Wrist shot by Sammy Blais.
13:15 of 2nd period - Shot Blocked by Max Gildon.
13:17 of 2nd period - Snap shot by Chris Tierney.
13:17 of 2nd period - Goal by Chris Tierney - Orlando Solar Bears : 2 - Havana Tropicals : 4.
13:18 of 2nd period - Teddy Blueger wins face-off versus Adam Beckman in neutral zone.
14:59 of 2nd period - Slapshot by Teddy Blueger.
14:59 of 2nd period - Shot Misses the Net.
15:19 of 2nd period - Backhand shot by Chris Tierney.
15:19 of 2nd period - Stopped by Felix Sandstrom with a rebound.
16:01 of 2nd period - Minor Penalty to Nolan Foote for Roughing.
16:02 of 2nd period - Teddy Blueger wins face-off versus Jason Dickinson in Havana Tropicals zone.
16:15 of 2nd period - Wrist shot by Jordan Martinook.
16:15 of 2nd period - Shot Blocked by Timothy Liljegren.
16:17 of 2nd period - Snap shot by Jordan Martinook.
16:17 of 2nd period - Deflect By John Leonard.
16:17 of 2nd period - Stopped by Arvid Soderblom with a rebound.
18:01 of 2nd period - Penalty to Nolan Foote is over, Nolan Foote is back on ice.
18:06 of 2nd period - Jamieson Rees is hit by Zach Aston-Reese.
18:20 of 2nd period - Pavel Dorofeyev is hit by Emilio Pettersen and loses puck.
18:55 of 2nd period - Slapshot by Zach Aston-Reese.
18:55 of 2nd period - Stopped by Felix Sandstrom with a rebound.
19:11 of 2nd period - Henrik Borgstrom is hit by Max Gildon and loses puck.
19:29 of 2nd period - Icing by Dennis Cholowski.
19:30 of 2nd period - Jason Dickinson wins face-off versus Henrik Borgstrom in Havana Tropicals zone.
19:31 of 2nd period - Wrist shot by Jordan Martinook.
19:31 of 2nd period - Shot Hit the Post.
19:48 of 2nd period - Milan Lucic is hit by Martin Pospisil and loses puck.
19:57 of 2nd period - Slapshot by Philip Tomasino.
19:57 of 2nd period - Stopped by Arvid Soderblom without a rebound.
19:58 of 2nd period - Zach Aston-Reese wins face-off versus Jason Dickinson in Havana Tropicals zone.
Goals for this period are 2 for Orlando Solar Bears vs 3 for Havana Tropicals.
Shots for this period are 7 for Orlando Solar Bears vs 8 for Havana Tropicals.
3rd period
0:01 of 3rd period - Teddy Blueger wins face-off versus Morgan Frost in neutral zone.
0:34 of 3rd period - Wrist shot by Chris Tierney.
0:34 of 3rd period - Stopped by Felix Sandstrom with a rebound.
0:36 of 3rd period - Slapshot by Dean Kukan.
0:36 of 3rd period - Stopped by Felix Sandstrom with a rebound.
0:38 of 3rd period - Slapshot by Dean Kukan.
0:38 of 3rd period - Shot Misses the Net.
0:54 of 3rd period - Martin Pospisil is hit by Emil Bemstrom and loses puck.
1:07 of 3rd period - Linus Weissbach is hit by Henrik Borgstrom and loses puck.
1:14 of 3rd period - Wrist shot by Henrik Borgstrom.
1:14 of 3rd period - Stopped by Felix Sandstrom without a rebound.
1:15 of 3rd period - Teddy Blueger wins face-off versus Morgan Frost in Orlando Solar Bears zone.
1:26 of 3rd period - Darren Raddysh beats up Isaak Phillips.
1:26 of 3rd period - Penalty to Darren Raddysh for Fighting.
1:26 of 3rd period - Penalty to Isaak Phillips for Fighting.
1:27 of 3rd period - Teddy Blueger wins face-off versus Morgan Frost in Orlando Solar Bears zone.
1:40 of 3rd period - Snap shot by Morgan Frost.
1:40 of 3rd period - Shot Misses the Net.
1:42 of 3rd period - Slapshot by Max Gildon.
1:42 of 3rd period - Stopped by Arvid Soderblom with a rebound.
1:52 of 3rd period - Tucker Poolman is hit by John Leonard and loses puck.
2:42 of 3rd period - Snap shot by Pierre-Edouard Bellemare.
2:42 of 3rd period - Shot Misses the Net.
3:02 of 3rd period - Jarred Tinordi is hit by Philipp Kurashev and loses puck.
3:09 of 3rd period - Morgan Frost is hit by Timothy Liljegren and loses puck.
3:15 of 3rd period - Icing by Adam Beckman.
3:16 of 3rd period - Morgan Frost wins face-off versus Zach Aston-Reese in Orlando Solar Bears zone.
3:16 of 3rd period - Morgan Frost is hit by Zach Aston-Reese.
3:34 of 3rd period - Robert Bortuzzo is hit by Morgan Frost and loses puck.
3:56 of 3rd period - Wrist shot by Morgan Frost.
3:56 of 3rd period - Shot Misses the Net.
3:58 of 3rd period - Backhand shot by Max Gildon.
3:58 of 3rd period - Shot Blocked by Robert Bortuzzo.
4:00 of 3rd period - Backhand shot by Valtteri Puustinen.
4:00 of 3rd period - Stopped by Arvid Soderblom with a rebound.
4:02 of 3rd period - Slapshot by Jett Woo.
4:02 of 3rd period - Deflect By Adam Beckman.
4:02 of 3rd period - Shot Blocked by Zach Aston-Reese.
4:02 of 3rd period - Puck is out of play.
4:03 of 3rd period - Chris Tierney wins face-off versus Philip Tomasino in Havana Tropicals zone.
4:08 of 3rd period - Slapshot by Timothy Liljegren.
4:08 of 3rd period - Stopped by Felix Sandstrom with a rebound.
4:20 of 3rd period - Timothy Liljegren is hit by Martin Pospisil and loses puck.
4:37 of 3rd period - Slapshot by Timothy Liljegren.
4:37 of 3rd period - Stopped by Felix Sandstrom without a rebound.
4:38 of 3rd period - Jason Dickinson wins face-off versus Philipp Kurashev in Orlando Solar Bears zone.
4:47 of 3rd period - Snap shot by Jason Dickinson.
4:47 of 3rd period - Stopped by Arvid Soderblom without a rebound.
4:48 of 3rd period - Jason Dickinson wins face-off versus Philipp Kurashev in Havana Tropicals zone.
4:53 of 3rd period - Slapshot by Jason Dickinson.
4:53 of 3rd period - Stopped by Arvid Soderblom without a rebound.
4:54 of 3rd period - Teddy Blueger wins face-off versus Morgan Frost in Havana Tropicals zone.
5:09 of 3rd period - Snap shot by Morgan Frost.
5:09 of 3rd period - Stopped by Arvid Soderblom with a rebound.
5:39 of 3rd period - Donovan Sebrango is hit by Zach Aston-Reese and loses puck.
5:46 of 3rd period - Wrist shot by Teddy Blueger.
5:46 of 3rd period - Shot Misses the Net.
5:48 of 3rd period - Wrist shot by Teddy Blueger.
5:48 of 3rd period - Stopped by Felix Sandstrom with a rebound.
6:09 of 3rd period - Minor Penalty to Martin Pospisil for Roughing.
6:10 of 3rd period - Jason Dickinson wins face-off versus Chris Tierney in Orlando Solar Bears zone.
6:18 of 3rd period - Milan Lucic is hit by Jason Dickinson and loses puck.
6:26 of 3rd period - Penalty to Isaak Phillips is over, Isaak Phillips is back on ice.
7:12 of 3rd period - Jason Dickinson is hit by Philipp Kurashev and loses puck.
7:49 of 3rd period - Snap shot by John Leonard.
7:49 of 3rd period - Stopped by Arvid Soderblom without a rebound.
7:50 of 3rd period - Teddy Blueger wins face-off versus Alex Turcotte in Havana Tropicals zone.
7:50 of 3rd period - Teddy Blueger is hit by John Leonard.
8:09 of 3rd period - Penalty to Martin Pospisil is over, Martin Pospisil is back on ice.
8:16 of 3rd period - Isaak Phillips is hit by Pavel Dorofeyev.
8:38 of 3rd period - Snap shot by Morgan Frost.
8:38 of 3rd period - Deflect By Valtteri Puustinen.
8:38 of 3rd period - Stopped by Arvid Soderblom without a rebound.
8:39 of 3rd period - Henrik Borgstrom wins face-off versus Morgan Frost in Havana Tropicals zone.
9:25 of 3rd period - Jarred Tinordi is hit by Zach Aston-Reese and loses puck.
9:53 of 3rd period - Wrist shot by Alex Turcotte.
9:53 of 3rd period - Deflect By Emilio Pettersen.
9:53 of 3rd period - Shot Misses the Net.
9:53 of 3rd period - Puck is out of play.
9:54 of 3rd period - Morgan Frost wins face-off versus Philipp Kurashev in Havana Tropicals zone.
9:55 of 3rd period - Slapshot by Adam Beckman.
9:55 of 3rd period - Stopped by Arvid Soderblom with a rebound.
9:57 of 3rd period - Wrist shot by Adam Beckman.
9:57 of 3rd period - Goal by Adam Beckman - Orlando Solar Bears : 3 - Havana Tropicals : 4.
9:58 of 3rd period - Morgan Frost wins face-off versus Chris Tierney in neutral zone.
10:05 of 3rd period - Wrist shot by Morgan Frost.
10:05 of 3rd period - Shot Misses the Net.
10:42 of 3rd period - Snap shot by Philipp Kurashev.
10:42 of 3rd period - Stopped by Felix Sandstrom with a rebound.
10:44 of 3rd period - Snap shot by Pavel Dorofeyev.
10:44 of 3rd period - Shot Misses the Net.
10:46 of 3rd period - Snap shot by Pavel Dorofeyev.
10:46 of 3rd period - Stopped by Felix Sandstrom with a rebound.
11:20 of 3rd period - Wrist shot by Alexander Nylander.
11:20 of 3rd period - Stopped by Felix Sandstrom with a rebound.
11:22 of 3rd period - Snap shot by Alexander Nylander.
11:22 of 3rd period - Shot Misses the Net.
11:24 of 3rd period - Slapshot by Darren Raddysh.
11:24 of 3rd period - Shot Misses the Net.
12:00 of 3rd period - Off-side.
12:01 of 3rd period - Chris Tierney wins face-off versus Philip Tomasino in neutral zone.
12:10 of 3rd period - Snap shot by Linus Weissbach.
12:10 of 3rd period - Shot Misses the Net.
12:11 of 3rd period - Isaak Phillips beats up Milan Lucic.
12:11 of 3rd period - Penalty to Milan Lucic for Fighting.
12:11 of 3rd period - Penalty to Isaak Phillips for Fighting.
12:12 of 3rd period - Chris Tierney wins face-off versus Morgan Frost in Havana Tropicals zone.
12:25 of 3rd period - Snap shot by Chris Tierney.
12:25 of 3rd period - Shot Misses the Net.
14:01 of 3rd period - Zach Aston-Reese is hit by Jett Woo and loses puck.
14:06 of 3rd period - Snap shot by Jordan Martinook.
14:06 of 3rd period - Goal by Jordan Martinook - Orlando Solar Bears : 4 - Havana Tropicals : 4.
14:07 of 3rd period - Morgan Frost wins face-off versus Chris Tierney in neutral zone.
14:12 of 3rd period - Philipp Kurashev is hit by Valtteri Puustinen and loses puck.
14:22 of 3rd period - Backhand shot by Morgan Frost.
14:22 of 3rd period - Shot Misses the Net.
15:14 of 3rd period - Philip Tomasino is hit by Chris Tierney and loses puck.
15:45 of 3rd period - Minor Penalty to Darren Raddysh for High sticking.
15:46 of 3rd period - Jason Dickinson wins face-off versus Chris Tierney in Havana Tropicals zone.
15:59 of 3rd period - Wrist shot by Jordan Martinook.
15:59 of 3rd period - Stopped by Arvid Soderblom with a rebound.
16:59 of 3rd period - Jett Woo is hit by Tucker Poolman and loses puck.
17:11 of 3rd period - Penalty to Milan Lucic is over, Milan Lucic is back on ice.
17:16 of 3rd period - Wrist shot by Milan Lucic.
17:16 of 3rd period - Stopped by Felix Sandstrom with a rebound.
17:42 of 3rd period - Slapshot by Max Gildon.
17:42 of 3rd period - Stopped by Arvid Soderblom with a rebound.
17:44 of 3rd period - Slapshot by Max Gildon.
17:44 of 3rd period - Shot Misses the Net.
17:45 of 3rd period - Penalty to Darren Raddysh is over, Darren Raddysh is back on ice.
18:36 of 3rd period - Nolan Foote is hit by Donovan Sebrango and loses puck.
18:56 of 3rd period - Snap shot by Philipp Kurashev.
18:56 of 3rd period - Shot Blocked by Donovan Sebrango.
19:10 of 3rd period - Dennis Cholowski is hit by Donovan Sebrango and loses puck.
19:33 of 3rd period - Darren Raddysh is hit by Martin Pospisil and loses puck.
Goals for this period are 2 for Orlando Solar Bears vs 0 for Havana Tropicals.
Shots for this period are 12 for Orlando Solar Bears vs 10 for Havana Tropicals.
Overtime #1
0:01 of 1st overtime period - Teddy Blueger wins face-off versus Jason Dickinson in neutral zone.
0:06 of 1st overtime period - Jarred Tinordi is hit by Tucker Poolman and loses puck.
0:38 of 1st overtime period - Wrist shot by Chris Tierney.
0:38 of 1st overtime period - Shot Misses the Net.
1:07 of 1st overtime period - Snap shot by Jordan Martinook.
1:07 of 1st overtime period - Stopped by Arvid Soderblom with a rebound.
1:09 of 1st overtime period - Snap shot by Isaak Phillips.
1:09 of 1st overtime period - Shot Blocked by Milan Lucic.
1:11 of 1st overtime period - Slapshot by Donovan Sebrango.
1:11 of 1st overtime period - Stopped by Arvid Soderblom with a rebound.
1:35 of 1st overtime period - Wrist shot by Jamieson Rees.
1:35 of 1st overtime period - Stopped by Arvid Soderblom with a rebound.
2:11 of 1st overtime period - Philipp Kurashev is hit by Donovan Sebrango.
2:48 of 1st overtime period - Emil Bemstrom is hit by Max Gildon and loses puck.
3:01 of 1st overtime period - Backhand shot by Alex Turcotte.
3:01 of 1st overtime period - Shot Misses the Net.
3:23 of 1st overtime period - Snap shot by Philipp Kurashev.
3:23 of 1st overtime period - Stopped by Felix Sandstrom without a rebound.
3:24 of 1st overtime period - Teddy Blueger wins face-off versus Jason Dickinson in Orlando Solar Bears zone.
4:16 of 1st overtime period - Snap shot by Linus Weissbach.
4:16 of 1st overtime period - Shot Blocked by Milan Lucic.
4:18 of 1st overtime period - Wrist shot by Isaak Phillips.
4:18 of 1st overtime period - Shot Misses the Net.
4:20 of 1st overtime period - Wrist shot by Jamieson Rees.
4:20 of 1st overtime period - Stopped by Arvid Soderblom with a rebound.
4:22 of 1st overtime period - Wrist shot by Linus Weissbach.
4:22 of 1st overtime period - Deflect By Dennis Cholowski.
4:22 of 1st overtime period - Stopped by Arvid Soderblom without a rebound.
4:23 of 1st overtime period - Pierre-Edouard Bellemare wins face-off versus Jamieson Rees in Havana Tropicals zone.
4:47 of 1st overtime period - Tucker Poolman is hit by Jason Dickinson and loses puck.
4:58 of 1st overtime period - Morgan Frost is hit by Tucker Poolman and loses puck.
Goals for this period are 0 for Orlando Solar Bears vs 0 for Havana Tropicals.
Shots for this period are 5 for Orlando Solar Bears vs 1 for Havana Tropicals.
ShootOut
5:00 of 1st overtime period - Round #1.
5:00 of 1st overtime period - Orlando Solar Bears, Jason Dickinson.
5:00 of 1st overtime period - Backhand shot by Jason Dickinson.
5:00 of 1st overtime period - Stopped by Arvid Soderblom.
5:00 of 1st overtime period - Havana Tropicals, Teddy Blueger.
5:00 of 1st overtime period - Deke by Teddy Blueger.
5:00 of 1st overtime period - Goal by Teddy Blueger.
5:00 of 1st overtime period - Round #2.
5:00 of 1st overtime period - Orlando Solar Bears, Morgan Frost.
5:00 of 1st overtime period - Snap shot by Morgan Frost.
5:00 of 1st overtime period - Goal by Morgan Frost.
5:00 of 1st overtime period - Havana Tropicals, Pierre-Edouard Bellemare.
5:00 of 1st overtime period - Wrist shot by Pierre-Edouard Bellemare.
5:00 of 1st overtime period - Goal by Pierre-Edouard Bellemare.
5:00 of 1st overtime period - Round #3.
5:00 of 1st overtime period - Orlando Solar Bears, Philip Tomasino.
5:00 of 1st overtime period - Deke by Philip Tomasino.
5:00 of 1st overtime period - Stopped by Arvid Soderblom.
Back to the Top